 Dungeon Crawl Stone Soup version 0.31-a0-765-g67fe2935dc (webtiles) character file.

Game seed: 13225379947057972564

116 javelincjr the Conjurer (level 5, -1/31 HPs)
             Began as an Octopode Conjurer on Sept 15, 2023.
             Was a Follower of the Shining One.
             Slain by Edmund
             ... wielding a +2 flail of protection
              (15 damage)
             ... on level 4 of the Dungeon.
             The game lasted 00:06:23 (3099 turns).

javelincjr the Conjurer (Octopode Conjurer)         Turns: 3099, Time: 00:06:23

Health: -1/31      AC:  1    Str:  7    XL:     5   Next: 1%
Magic:  0/9        EV: 13    Int: 34    God:    the Shining One [*.....]
Gold:   197        SH:  0    Dex: 10    Spells: 6/9 levels left

rFire   . . .        (no weapon)
rCold   . . .        (no shield)
rNeg    . . .        (helmet restricted)
rPois   .            (no amulet)
rElec   .            l - +6 ring of intelligence
rCorr   .            q - +6 ring of intelligence
SInv    .            (no ring)
Will    .....        (no ring)
Stlth   ++           (no ring)
HPRegen 0.25/turn    (no ring)
MPRegen 0.11/turn    (no ring)
                     (no ring)

%: no passive effects
@: glowing
A: almost no armour, amphibious, 8 rings, camouflage 1, gelatinous body 1,
(nimble swimmer 1), tentacles
a: Renounce Religion, Divine Shield


You were on level 4 of the Dungeon.
You worshipped the Shining One.
The Shining One was aware of your devotion.
You visited 1 branch of the dungeon, and saw 4 of its levels.

You collected 197 gold pieces.

Inventory:

Hand Weapons
 e - a +2 dagger of draining
Armour
 k - a +0 kite shield
 n - a +0 buckler
Jewellery
 l - a +6 ring of intelligence (left tentacle)
 q - a +6 ring of intelligence (right tentacle)
Scrolls
 f - 3 scrolls of teleportation {unknown}
 g - a scroll of poison {unknown}
 h - a scroll of enchant weapon {unknown}
 m - a scroll of noise {unknown}
 s - a scroll of torment {unknown}
Potions
 a - a potion of magic
 b - 2 potions of haste {unknown}
 c - a potion of cancellation {unknown}
 d - a potion of lignification {unknown}
 i - a potion of invisibility {unknown}
 j - a potion of degeneration {unknown}
 o - a potion of attraction {unknown}
 p - 3 potions of curing {unknown}
 r - a potion of might {unknown}
 t - a potion of berserk rage {unknown}
 u - a potion of ambrosia {unknown}


   Skills:
 + Level 2.8 Dodging
 + Level 4.0 Stealth
 + Level 0.9 Shields
 * Level 2.8 Spellcasting
 * Level 4.6 Conjurations
 + Level 0.3 Invocations


You had 6 spell levels left.
You knew the following spells:

 Your Spells              Type           Power      Damage    Failure   Level
a - Magic Dart            Conj           100%       1d8       1%          1
b - Searing Ray           Conj           72%        2d7       1%          2

Your spell library contained the following spells:

 Spells                   Type           Power      Damage    Failure   Level
 Dazzling Flash           Conj/Hex       40%        N/A       6%          3
 Call Imp                 Summ           8%         N/A       9%          2
 Mephitic Cloud           Conj/Pois/Air  15%        N/A       9%          3
 Fulminant Prism          Conj/Hex       10%        3d9       22%         4
 Iskenderun's Mystic Bla  Conj/Tloc      20%        2d6       22%         4


Dungeon Overview and Level Annotations

Branches:
Dungeon (4/15)
 Temple: D:4-7

Altars:
Wu Jian
The Shining One

Annotations:
D:4 Edmund


Innate Abilities, Weirdness & Mutations

You cannot wear most types of armour.
You are amphibious.
You can wear up to eight rings at the same time.
Your skin changes colour to match your surroundings (Stealth+).
Your rubbery body absorbs attacks. (AC +1, EV +1)
((You are camouflaged when in or above water. (Stealth+)))
You have tentacles for arms and can constrict up to eight enemies at once.


Message History

You see here the felid corpse of Natasha.
There is a stone staircase leading up here.
You start resting.
HP restored.
You start resting.
Magic restored.
You see here the felid corpse of Natasha.
Edmund shouts!
Edmund says, "Everyone always remembers my brother. 'Who's Edmund?' they ask!"
Casting: Searing Ray (safe; 1% risk of failure)
Confirm with . or Enter, or press ? or * to list all spells.
Aiming: Searing Ray (safe; 1% risk of failure)
Press: ? - help, Shift-Dir - straight line, f - Edmund
Aim: Edmund, wielding a +2 flail of protection and wearing a +0 scale mail (83% to hit)
The searing ray hits Edmund but does no damage. (Press . to maintain the ray.)
The searing ray hits Edmund but does no damage.
The searing ray hits Edmund!
Edmund is moderately wounded.
The searing ray hits Edmund.
Edmund is moderately wounded.
You finish channelling your searing ray.
Edmund barely misses you.
Casting: Searing Ray (safe; 1% risk of failure)
Confirm with . or Enter, or press ? or * to list all spells.
Aiming: Searing Ray (safe; 1% risk of failure)
Press: ? - help, Shift-Dir - straight line, f/p - Edmund
Aim: Edmund, wielding a +2 flail of protection and wearing a +0 scale mail (moderately wounded, haloed, 87% to hit)
The searing ray hits Edmund.
Edmund is moderately wounded. (Press . to maintain the ray.) Edmund hits you with a +2 flail of protection!
The searing ray hits Edmund but does no damage.
Edmund is moderately wounded.
Edmund hits you with a +2 flail of protection!
The searing ray hits Edmund but does no damage.
Edmund is moderately wounded.
Edmund hits you with a +2 flail of protection!
You die...
Edmund says, "I'd like to see a scythe do that!"

...... ....# ..... ...#
#+#..## # #.#... #.#.#.?# .#
.##.#.#@@# .# # # .........#
..#.. # .# ####.#..#
####..... # .#
######.#..###........
####.###..........†........#
..........###.#..##.....#..#
.....# #............<.......
.##..###.........##..#.##..#
..............#.###..#.# .


You could see Edmund.

Vanquished Creatures
  Natasha (D:4)
  4 adders
  A worm (D:2)
  2 dart slugs (D:2)
  8 ball pythons
  8 endoplasms
  2 giant cockroaches (D:1)
  2 goblins
  6 hobgoblins
  A quokka (D:1)
  2 bats
  4 frilled lizards
  3 kobolds
  4 rats
48 creatures vanquished.

Notes
Turn   | Place    | Note
-------+----------+-------------------------------------------
     0 | D:1      | javelincjr the Octopode Conjurer began the quest for the
                  | Orb.
     0 | D:1      | Reached XP level 1. HP: 11/11 MP: 3/3
   292 | D:1      | Reached XP level 2. HP: 17/17 MP: 3/5
   991 | D:2      | Reached XP level 3. HP: 21/21 MP: 1/6
  1184 | D:2      | Identified the +2 leather armour "Bockapsi" {Harm Int+2}
  1377 | D:2      | Found a faded altar of an unknown god.
  1392 | D:2      | Prayed at the altar of an unknown god.
  1392 | D:2      | Became a worshipper of the Shining One
  1392 | D:2      | Reached * piety under the Shining One
  1660 | D:2      | Learned a level 2 spell: Searing Ray
  2031 | D:3      | Reached XP level 4. HP: 27/27 MP: 1/7
  2548 | D:3      | Found an ornate altar of the Wu Jian Council.
  3026 | D:4      | Noticed Edmund
  3029 | D:4      | Noticed Natasha
  3037 | D:4      | Killed Natasha
  3038 | D:4      | Reached XP level 5. HP: 26/31 MP: 3/9
  3099 | D:4      | Slain by Edmund

Illustrated notes

Levels and vault maps discovered:
D:1:      minmay_arrival_widening_spiral_wide, layout_basic
D:2:      layout_loops_ring, shapermc_ecumenical_altar_hornbeckon
D:3:      layout_basic, lemuel_round_altar
D:4:      layout_basic, evilmike_ruin_ashenzari, saegor_snake_ambush, uniq_ijyb,
          uniq_edmund, uniq_natasha

Skill      XL: |  1  2  3  4 |
---------------+-------------+-----
Stealth        | 3 4 |  4.0
Dodging        | |  2.8
Shields        | |  0.9
Spellcasting   | |  2.8
Conjurations   | |  4.6
Invocations    | |  0.3

Action                     |  1- 3 |  4- 6 || total
---------------------------+-------+-------++-------
  Melee: Unarmed           |     2 |     3 ||     5
         Constrict         |    15 |     1 ||    16
         Dagger            |    34 |       ||    34
         Tentacles         |     4 |     1 ||     5
   Cast: Magic Dart        |    53 |    28 ||    81
         Searing Ray       |       |     4 ||     4
   Stab: Sleeping          |     2 |       ||     2
 Armour: Skin              |    13 |     6 ||    19
  Dodge: Dodged            |    10 |     4 ||    14

Table legend: (Time is in decaauts)
 A = Elapsed time spent in this place.
 B = Non-inter-level travel time spent in this place.
 C = Inter-level travel time spent in this place.
 D = Time resting spent in this place.
 E = Time spent auto-exploring this place.
 F = Levels seen in this place.
 G = Mean time per level.
                   A        B        C        D        E       F      G
               +--------+--------+--------+--------+--------+-----+--------+
         Total |   3096 |   3016 |     80 |     43 |   2639 |   4 |  774.0 |
       Dungeon |   3096 |   3016 |     80 |     43 |   2639 |   4 |  774.0 |
               +--------+--------+--------+--------+--------+-----+--------+

Top non-repeatable levels by time:
     D:3: 1010 daAuts
     D:1: 943 daAuts
     D:2: 929 daAuts
     D:4: 212 daAuts
